Map: Frozen Temple

Players

daveslg

  • Race: Protoss Protoss
  • League: Silver

Firastorm - Winner!

  • Race: Zerg Zerg
  • League: Silver

VOD

Have the link to the VOD?

Description

Time

  • Played on: May 11, 2016, 8:48 a.m.
  • Length: 14:57
Show
View Real Time Build Order
Export as new Build Order

daveslg Protoss 

Build Orders: 1 Gate Expand 

Get SALT Encoding   

  12  0:01  Probe (Chrono Boost)  
  13  0:11  Probe (Chrono Boost)  
  14  0:22  Pylon  
  14  0:23  Probe (Chrono Boost)  
  15  0:40  Probe (Chrono Boost)  
  15  0:41  Gateway  
  16  0:50  Probe (Chrono Boost)  
  17  1:01  Probe (Chrono Boost)  
  18  1:18  Nexus  
  18  1:23  Assimilator  
  18  1:27  Probe (Chrono Boost)  
  18  1:31  Assimilator  
  19  1:36  Assimilator  
  19  1:46  Cybernetics Core  
  19  1:52  Probe (Chrono Boost)  
  20  2:02  Probe (Chrono Boost)  
  21  2:13  Probe (Chrono Boost)  
  22  2:18  Pylon  
  22  2:23  Probe (Chrono Boost)  
  22  2:27  Warp Gate  
  23  2:30  Adept (Chrono Boost)  
  23  2:31  Probe (Chrono Boost)  
  23  2:34  Probe (Chrono Boost)  
  27  2:42  Mothership Core (Chrono Boost)  
  29  2:44  Probe (Chrono Boost)  
  30  2:53  Probe  
  30  2:57  Adept (Chrono Boost)  
  33  2:59  Gateway  
  33  3:07  Probe  
  34  3:14  Probe  
  34  3:15  Pylon  
  34  3:18  Probe  
  36  3:25  Forge  
  36  3:26  Probe  
  37  3:29  Probe  
  37  3:32  Adept (Chrono Boost)  
  40  3:38  Probe  
  41  3:41  Probe  
  41  3:43  Assimilator  
  41  3:46  Assimilator  
  42  3:50  Probe  
  42  3:52  Twilight Council  
  42  3:53  Probe  
  44  3:58  Protoss Ground Weapons Level 1 (Chrono Boost)  
  44  4:05  Pylon  
  44  4:07  Probe  
  45  4:11  Pylon, Probe  
  46  4:17  Probe  
  46  4:23  Resonating Glaives, Probe  
  48  4:25  Pylon  
  48  4:28  Probe  
  49  4:35  Probe  
  49  4:38  Adept  
  52  4:41  Probe  
  52  4:43  Pylon  
  52  4:45  Gateway  
  53  4:52  Probe  
  54  4:54  Adept  
  56  5:00  Probe  
  56  5:04  Probe  
  56  5:06  Adept  
  59  5:15  Stargate  
  59  5:16  Gateway  
  59  5:17  Gateway  
  59  5:19  Gateway  
  59  5:21  Adept  
  59  5:41  Adept  
  51  5:48  Adept  
  53  5:56  Pylon  
  53  5:57  Pylon  
  53  5:59  Oracle  
  53  6:00  Charge, Protoss Ground Weapons Level 2 (Chrono Boost)  
  53  6:02  Adept x2  
  60  6:09  Robotics Facility  
  60  6:13  Pylon  
  60  6:16  Adept  
  62  6:23  Dark Shrine  
  62  6:24  Adept x2  
  66  6:27  Stalker  
  68  6:56  Gateway  
  68  6:59  Nexus  
  68  7:01  Gateway  
  68  7:03  Gateway  
  62  7:16  Stalker x2  
  62  7:17  Stalker x3  
  66  7:35  Phoenix  
  68  7:37  Dark Templar  
  68  7:46  Stalker  
  68  7:47  Stalker x3  
  66  8:01  Immortal  
  70  8:11  Dark Templar x3  
  70  8:12  Dark Templar  
  78  8:30  Stalker x3  
  82  8:38  Stalker  
  76  8:44  Zealot  
  76  8:45  Zealot x2  
  78  8:52  Stalker x2  
  80  8:58  Stalker  
  82  9:05  Warp Prism  
  84  9:17  Archon x2  
  84  9:20  Dark Templar  
  84  9:22  Stalker x2  
  90  9:27  Probe  
  90  9:28  Probe x2  
  93  9:35  Stalker  
  95  9:45  Pylon  
  95  9:52  Pylon  
  95  9:55  Void Ray  
  99  10:11  Protoss Ground Weapons Level 3 (Chrono Boost)  
  99  10:12  Observer  
  100  10:30  Stalker  
  100  10:32  Stalker x3  
  106  10:37  Observer  
  107  10:51  Zealot  
  107  10:52  Zealot x4  
  107  10:53  Zealot  
  72  11:17  Stalker x3  
  72  11:18  Stalker x4  
  74  11:20  Stalker  
  76  11:34  Immortal  
  80  11:40  Assimilator  
  80  11:41  Assimilator  
  80  11:43  Zealot x2  
  80  11:44  Zealot x4  
  92  11:53  Robotics Facility  
  88  11:56  Robotics Facility  
  72  12:10  Adept x5  
  61  12:23  Stalker x3  
  66  12:31  Stalker  
  66  12:36  Zealot  
  64  12:41  Probe  
  64  12:42  Probe  
  56  12:50  Stalker  
  52  13:06  Dark Templar  
  52  13:11  Dark Templar  
  50  13:20  Stalker  
  52  13:37  Dark Templar x2  
  56  14:08  Nexus  
  55  14:21  Probe x2  
  57  14:33  Probe x2  
  60  14:46  Dark Templar x2  
Show
View Real Time Build Order
Export as new Build Order

Firastorm Zerg - Winner!

Build Orders: Hatch First 

Get SALT Encoding   

  12  0:01  Drone  
  13  0:12  Overlord  
  13  0:18  Drone  
  14  0:25  Drone, Extractor  
  15  0:31  Drone  
  15  0:35  Drone  
  17  0:55  Hatchery  
  17  0:56  Drone  
  17  1:00  Drone  
  18  1:09  Drone  
  19  1:15  Extractor  
  18  1:19  Spawning Pool  
  17  1:33  Drone  
  17  1:34  Drone  
  19  1:50  Drone  
  20  2:00  Overlord  
  20  2:05  Queen  
  20  2:07  Queen  
  24  2:09  Drone  
  25  2:15  Metabolic Boost  
  25  2:18  Zergling x2  
  25  2:19  Zergling x2  
  27  2:23  Zergling x2  
  28  2:32  Zergling x2  
  28  2:33  Drone  
  30  2:45  Drone x2  
  32  2:55  Drone x2  
  34  3:01  Overlord  
  34  3:07  Queen  
  34  3:10  Overlord  
  36  3:19  Queen  
  38  3:22  Zergling x8  
  38  3:23  Drone x2  
  38  3:26  Overlord  
  44  3:39  Drone  
  44  3:40  Drone x2  
  47  3:52  Drone x3, Zergling x4  
  47  3:53  Drone x3  
  55  3:57  Extractor  
  55  3:58  Lair  
  54  4:18  Drone x5  
  54  4:19  Zergling x2  
  60  4:24  Overlord x2  
  60  4:25  Roach Warren  
  59  4:48  Extractor  
  59  4:51  Zergling x2  
  59  4:52  Drone x2, Zergling x2  
  62  4:53  Drone x2  
  62  4:58  Evolution Chamber  
  63  5:01  Evolution Chamber  
  63  5:03  Drone x3  
  63  5:06  Drone  
  66  5:07  Roach x2  
  66  5:10  Roach  
  72  5:30  Roach x2  
  72  5:32  Zerg Missile Weapons Level 1  
  72  5:33  Zerg Ground Armor Level 1  
  71  5:37  Hatchery  
  71  5:40  Zergling x2  
  71  5:41  Roach x3, Zergling x2  
  73  5:55  Roach  
  73  5:56  Overlord x5  
  73  5:57  Overlord  
  75  6:09  Glial Reconstitution  
  75  6:29  Spore Crawler  
  75  6:30  Spore Crawler  
  73  6:33  Extractor  
  73  6:35  Drone x3  
  73  6:36  Roach  
  73  6:37  Roach x2  
  83  6:47  Roach x4  
  89  7:10  Roach x5  
  89  7:11  Roach x4  
  102  7:23  Queen x3  
  102  7:25  Roach x4  
  102  7:26  Roach x2  
  102  7:29  Roach  
  122  7:38  Drone x4  
  118  7:52  Roach x6  
  130  8:02  Spire  
  130  8:05  Zerg Missile Weapons Level 2  
  129  8:07  Hydralisk Den  
  129  8:10  Zerg Ground Armor Level 2  
  129  8:11  Overlord x3  
  128  8:17  Drone x2  
  106  8:43  Roach x9  
  106  8:44  Roach x4  
  92  8:58  Roach  
  92  8:59  Roach x4  
  98  9:10  Muscular Augments  
  98  9:13  Drone x2  
  98  9:14  Drone x2  
  98  9:15  Drone  
  98  9:16  Drone  
  104  9:17  Roach  
  104  9:18  Roach x2  
  110  9:34  Drone  
  110  9:35  Drone x2  
  110  9:36  Infestation Pit  
  112  9:42  Extractor  
  111  9:49  Extractor  
  110  9:53  Roach x2  
  110  9:54  Roach x3  
  110  9:57  Roach x9  
  138  10:09  Drone x3  
  141  10:17  Hive  
  135  10:21  Hydralisk  
  135  10:22  Hydralisk x3  
  143  10:33  Hydralisk x3  
  147  10:38  Zergling x14  
  154  10:52  Hatchery  
  124  11:12  Hydralisk x11  
  136  11:18  Hydralisk  
  136  11:19  Hydralisk  
  136  11:21  Roach  
  136  11:22  Zergling x2  
  136  11:23  Zergling x6  
  134  11:49  Roach  
  134  11:50  Roach x9  
  150  12:07  Hydralisk, Roach  
  150  12:08  Hydralisk x3, Roach x3  
  146  12:09  Roach x3  
  142  12:17  Roach x3  
  142  12:18  Roach  
  142  12:28  Hydralisk x2, Roach x2  
  138  12:35  Hydralisk, Roach x2  
  116  12:46  Hydralisk  
  116  12:47  Hydralisk, Roach x2  
  118  12:54  Drone x3  
  105  13:05  Hydralisk  
  105  13:06  Hydralisk, Roach x2  
  105  13:07  Roach  
  107  13:12  Hydralisk  
  107  13:13  Roach  
  103  13:25  Overseer x3  
  101  13:27  Hydralisk x2  
  101  13:28  Roach  
  107  13:56  Spore Crawler  
  107  14:00  Hydralisk x4  
  107  14:01  Roach x3  
  107  14:02  Roach  
  122  14:07  Hydralisk, Roach  
Tags
 
Add a new tag
Caveats
  • Supply blocks, unpowered buildings, or Contaminate may cause inaccurate times.
  • Supply counts are checked every 10 seconds.